 Dungeon Crawl Stone Soup version 0.18-a0-1347-gb9e2fb4 (console) character file.

315 utis the Vexing (level 6, -2/35 HPs)
             Began as a Deep Elf Arcane Marksman on Feb 17, 2016.
             Killed by nerve-wracking pain
             ... invoked by Menkaure
              (12 damage)
             ... on level 4 of the Dungeon.
             The game lasted 00:23:31 (7901 turns).

utis the Vexing (Deep Elf Arcane Marksman)          Turns: 7901, Time: 00:23:31

Health: -2/35      AC:  5    Str:  9    XL:     6   Next: 20%
Magic:  9/13       EV: 11    Int: 18    God:
Gold:   123        SH:  0    Dex: 15    Spells: 4 memorised, 1 level left

rFire  . . .     SeeInvis .     a - +0 shortbow
rCold  . . .     Gourm    .     p - +0 ring mail
rNeg   . . .     Faith    .     (shield currently unavailable)
rPois  .         Spirit   .     (no helmet)
rElec  .         Dismiss  .     (no cloak)
rCorr  .         Reflect  .     (no gloves)
SustAt .         Harm     .     (no boots)
MR     .....                    (no amulet)
Stlth  +.........               (no ring)
                                (no ring)

@: not resistant to hostile enchantments, very unstealthy
A: no striking features
a: no special abilities


You were on level 4 of the Dungeon.
You were hungry.

You visited 1 branch of the dungeon, and saw 4 of its levels.

You collected 123 gold pieces.

Inventory:

Hand Weapons
 a - a +0 shortbow (weapon)
 b - a +0 long sword
 i - a +0 dagger
 w - a +0 short sword
 y - a +0 whip of flaming
Missiles
 g - 157 stones
 j - 24 poisoned needles
 u - 15 sling bullets
 v - 15 arrows of flame (quivered)
Armour
 h - a +0 robe
 k - a +0 leather armour
 p - a +0 ring mail (worn)
Jewellery
 x - an uncursed ring of magical power {unknown}
Scrolls
 e - 3 scrolls of teleportation {@r4}
 m - 4 scrolls of identify {@r1}
Potions
 l - 2 potions of lignification
 n - a potion of invisibility
 r - a potion of haste {unknown}
Books
 c - a book of Debilitation

   Spells                             Type                      Level
   a - Corona                         Hexes                        1
   b - Slow                           Hexes                        2
   c - Gell's Gravitas                Hexes/Translocation          3
   d - Inner Flame                    Hexes/Fire                   3
   e - Cause Fear                     Hexes                        4
   f - Leda's Liquefaction            Hexes/Earth                  4
Comestibles
 f - 3 bread rations {@e1}
 o - a beef jerky {@e2}
 q - a royal jelly {@e3}
 s - 5 fruits {@e2}
 t - 2 slices of pizza {@e2}
 z - a meat ration {@e1}
 A - 2 chunks of flesh


   Skills:
 - Level 1.9 Fighting
 - Level 5.0 Bows
 - Level 2.4 Dodging
 + Level 3.4 Spellcasting
 * Level 5.9 Hexes


You had one spell level left.
You knew the following spells:

 Your Spells              Type           Power        Failure   Level  Hunger
v - Gell's Gravitas       Hex/Tloc       ##........   43%         3    ###....
w - Slow                  Hex            ###.....     8%          2    ##.....
x - Cause Fear            Hex            ###.......   41%         4    ####...
z - Corona                Hex            ###....      4%          1    None


Dungeon Overview and Level Annotations

Branches:
Dungeon (4/15)
 Temple: D:4-7

Altars:
Cheibriados
Dithmenos
Kikubaaqudgha
Ru

Annotations:
D:4 Menkaure


Message History

Your body is wracked with pain!
* * * LOW HITPOINT WARNING * * *
You are too injured to fight recklessly!
You are too injured to fight recklessly!
Firing (i - inventory. (,) - cycle):
d - 2 arrows (quivered)
Press: ? - help, Shift-Dir - straight line, f/p - Menkaure
Aim: Menkaure (severely damaged, fast+slow)
You shoot an arrow. The arrow hits Menkaure.
Menkaure is severely damaged.
Menkaure giggles, "These cerements are ticklish..."
Menkaure gestures at you while chanting.
Pain shoots through your body!
* * * LOW HITPOINT WARNING * * *
Firing (i - inventory. (,) - cycle):
d - an arrow (quivered)
Press: ? - help, Shift-Dir - straight line, f/p - Menkaure
Aim: Menkaure (severely damaged, fast+slow)
You shoot an arrow. The arrow barely misses Menkaure.
Menkaure casts a spell at you. Pain shoots through your body!
You die...

░░░░░░░░░░░░░░ ░░░░░
░.....░░.....░ .<..
░.....░░.░.░.░░░░░.░░░░░░
░.....░░.░...░......>.░.. ░░░
░.....░.........e░....░.░ ░.░░
...>.........░░..M..░.░.░ ░...
................†➘...➘░.░ ░.░░
............░.░░░░░➘░░░.░ ░.░░
.....░......░.░░........░░░░░░.░░
.░░░.░..░░....░...░.░............
░░ ░.░......░░░.░.░..............
.░ ░░░.░....░.. ░......➘.........
.░ ░.░.░░... ...░░░░...........


You could see Menkaure.

Vanquished Creatures
  A centaur zombie (D:3)
  Jessica (D:2)
  4 worker ants (D:4)
  6 adders (D:2)
  A shadow imp (D:4)
  2 oozes (D:1)
  2 worms (D:3)
  A giant gecko (D:1)
  9 orcs
  2 ball pythons
  9 bats
  7 giant cockroaches
  9 goblins
  4 hobgoblins
  2 jackals (D:2)
  3 quokkas
  8 giant newts
  9 kobolds
  8 rats
88 creatures vanquished.

Notes
Turn   | Place    | Note
--------------------------------------------------------------
     0 | D:1      | utis the Deep Elf Arcane Marksman began the quest for the Orb.
     0 | D:1      | Reached XP level 1. HP: 11/11 MP: 5/5
    27 | D:1      | Reached skill level 1 in Fighting
   567 | D:1      | Reached XP level 2. HP: 13/16 MP: 6/6
   623 | D:1      | Learned a level 2 spell: Slow
  2069 | D:1      | Reached XP level 3. HP: 20/20 MP: 0/7
  2780 | D:2      | Found a sacrificial altar of Ru.
  3203 | D:2      | Reached XP level 4. HP: 16/25 MP: 3/8
  3771 | D:2      | Noticed Jessica
  3808 | D:2      | Killed Jessica
  3808 | D:2      | Reached skill level 5 in Bows
  4236 | D:2      | Found an ancient bone altar of Kikubaaqudgha.
  4237 | D:2      | Found a snail-covered altar of Cheibriados.
  4403 | D:3      | Reached XP level 5. HP: 30/30 MP: 1/9
  4946 | D:3      | Learned a level 3 spell: Gell's Gravitas
  6999 | D:4      | Reached skill level 5 in Hexes
  7007 | D:4      | Learned a level 4 spell: Cause Fear
  7184 | D:4      | Found a shadowy altar of Dithmenos.
  7464 | D:4      | Reached XP level 6. HP: 24/35 MP: 12/12
  7870 | D:4      | Noticed Menkaure
  7901 | D:4      | Killed from afar by Menkaure

Vault maps used:
D:1:      arrival_zaba_pyramid
D:2:      old_standard_altar, gammafunk_temple_overflow_pools, uniq_jessica
D:3:      first_bread, minmay_misc_feat_four_crosses
D:4:      grunt_dithmenos_smoke_and_mirrors, uniq_menkaure

Action                   |  1- 3 |  4- 6 || total
-------------------------+-------+-------++-------
Melee: Dagger            |    32 |       ||    32
       Unarmed           |     5 |       ||     5
       Short sword       |   116 |    20 ||   136
       Long sword        |       |   209 ||   209
 Fire: Shortbow          |    17 |    28 ||    45
Throw: Stone             |     9 |     1 ||    10
 Cast: Slow              |    32 |    62 ||    94
       Corona            |    32 |    47 ||    79
  Use: Scroll            |     1 |     5 ||     6
  Eat: Chunk             |    11 |    19 ||    30
